 Dungeon Crawl Stone Soup version 0.32-a0-699-g1ee5eff69a (webtiles) character file.

Game seed: 3269875057638488616

39 hikkokomori the Trooper (level 3, -1/30 HPs)
             Began as a Coglin Berserker on Mar 14, 2024.
             Was a Follower of Trog.
             Slain by a gnoll
             ... wielding a +0 flail
              (12 damage)
             ... on level 2 of the Dungeon.
             The game lasted 00:02:25 (1322 turns).

hikkokomori the Trooper (Coglin Berserker)          Turns: 1322, Time: 00:02:25

Health: -1/30      AC:  6    Str: 17    XL:     3   Next: 47%
Magic:  3/3        EV: 10    Int:  6    God:    Trog [*.....]
Gold:   56         SH:  0    Dex: 15    Spells: 2/2 levels left

rFire   . . .        a - +0 short sword {Hondscioh}
rCold   . . .        g - +0 dagger (venom) {Anneliese}
rNeg    . . .        m - +0 ring mail
rPois   .            (no helmet)
rElec   .            (no cloak)
rCorr   .            (no gloves)
SInv    .            i - +0 pair of boots
Will    .....        (amulet unavailable)
Stlth   +            (ring unavailable)
HPRegen 0.25/turn    (ring unavailable)
MPRegen 0.08/turn    (no gizmo)

%: no passive effects
@: revving
A: off-hand wielding, slow wielding, warmup strikes, no jewellery
a: Invent Gizmo, Renounce Religion, Berserk


You were on level 2 of the Dungeon.
You worshipped Trog.
Trog was aware of your devotion.
You visited 1 branch of the dungeon, and saw 2 of its levels.

You collected 56 gold pieces.

Inventory:

Hand Weapons
 a - a +0 short sword (weapon) {Hondscioh}
 c - a +0 dagger {Sachi}
 g - a +0 dagger of venom (offhand) {Anneliese}
 n - a +0 whip
Armour
 b - a +0 animal skin
 i - a +0 pair of boots (worn)
 m - a +0 ring mail (worn)
Scrolls
 d - a scroll of identify {unknown}
 e - a scroll of teleportation {unknown}
 l - a scroll of silence {unknown}
 o - a scroll of torment {unknown}
 p - 3 scrolls of revelation {unknown}
Potions
 f - 2 potions of haste {unknown}
 h - 2 potions of brilliance {unknown}
 j - a potion of experience {unknown}
 k - a potion of curing {unknown}


   Skills:
 + Level 3.7 Fighting
 + Level 3.4 Short Blades
 - Level 1.7 Armour
 - Level 1.7 Dodging


You had 2 spell levels left.
You didn't know any spells.
Your spell library was empty.

Dungeon Overview and Level Annotations

Branches:
Dungeon (2/15)

Altars:


Innate Abilities, Weirdness & Mutations

You can wield a second weapon in your off-hand.
It takes a long time for you to wield or remove held weapons.
Your first few attacks do less damage.
You cannot equip rings or amulets.


Message History

The adder poisons you! The gnoll hits you with a +0 flail!
You are too injured to fight recklessly!
You are too injured to fight recklessly!
You are too injured to fight recklessly!
You are too injured to fight recklessly!
You are too injured to fight recklessly!
You are too injured to fight recklessly!
You are too injured to fight recklessly!
You are too injured to fight recklessly!
You are too injured to fight recklessly!
You are too injured to fight recklessly!
You are too injured to fight recklessly!
You are too injured to fight recklessly!
You feel sick. The adder attacks as it pursues you!
The adder bites you but does no damage. The gnoll attacks as it pursues you!
The gnoll hits you but does no damage. The gnoll attacks as it pursues you!
The gnoll closely misses you.
You feel sick.
You feel sick. The adder bites you.
You feel sick. The adder attacks as it pursues you!
The adder completely misses you.
You miss the adder with your +0 short sword.
The adder is almost dead.
You hit the adder with your +0 dagger of venom.
You kill the adder!
Trog accepts your kill.
You feel sick.
You feel sick. The gnoll hits you with a +0 flail.
You hit the gnoll with your +0 dagger of venom.
The gnoll is poisoned.
The gnoll is lightly wounded.
You barely miss the gnoll with your +0 short sword.
You feel sick.
You are no longer poisoned.
The gnoll closely misses you.
You hit the gnoll with your +0 short sword.
The gnoll is severely wounded.
You completely miss the gnoll with your +0 dagger of venom.
The gnoll hits you with a +0 flail!
You die...

#####..†......#
#........####.# .
#....>...# #.## ..
#........# #..† ...
#........# ####
....##### #........#
# .....$..#
#........# #
.......g#######....##
#
.......ggg@.....>..#
#
........#######....#
# ........# #....# #
........# ##.### #
....##### #.# # .##.
#.########## #
#.##........
#.##.####### #.#


You could see 4 gnolls.

Vanquished Creatures
  2 adders (D:2)
  A dart slug (D:1)
  2 ball pythons (D:1)
  A bat (D:2)
  An endoplasm (D:1)
  4 giant cockroaches
  A hobgoblin (D:2)
  A quokka (D:1)
  2 frilled lizards (D:1)
  3 goblins
18 creatures vanquished.

Notes
Turn   | Place    | Note
-------+----------+-------------------------------------------
     0 | D:1      | hikkokomori the Coglin Berserker began the quest for the
                  | Orb.
     0 | D:1      | Reached XP level 1. HP: 18/18 MP: 1/1
   145 | D:1      | Reached XP level 2. HP: 24/24 MP: 2/2
  1272 | D:2      | Reached XP level 3. HP: 29/29 MP: 3/3
  1322 | D:2      | Slain by a gnoll

Illustrated notes

Levels and vault maps discovered:
D:1:      tekkud_arrival_beachfront_property, layout_loops_corners,
          wander_ebering_terrifying_dragon_lair
D:2:      layout_basic

Skill      XL: |  1  2 |
---------------+-------+-----
Short Blades   | 3 |  3.4
Fighting       | |  3.7
Armour         | |  1.7
Dodging        | |  1.7

Action                     || total
---------------------------++-------
  Melee: Dagger            ||    50
         Short sword       ||    46
 Armour: Animal skin       ||    11
         Ring mail         ||    12
  Dodge: Dodged            ||    24

Table legend: (Time is in decaauts)
 A = Elapsed time spent in this place.
 B = Non-inter-level travel time spent in this place.
 C = Inter-level travel time spent in this place.
 D = Time resting spent in this place.
 E = Time spent auto-exploring this place.
 F = Levels seen in this place.
 G = Mean time per level.
                   A        B        C        D        E       F      G
               +--------+--------+--------+--------+--------+-----+--------+
         Total |   1313 |   1241 |     72 |      0 |   1073 |   2 |  656.5 |
       Dungeon |   1313 |   1241 |     72 |      0 |   1073 |   2 |  656.5 |
               +--------+--------+--------+--------+--------+-----+--------+

Top non-repeatable levels by time:
     D:1: 1118 daAuts
     D:2: 195 daAuts
